 Seeded DCSS version 0.30.1-6-gbe392663c4 (webtiles) character file.

Game seed: 6351066067085065685 (custom seed)

70 Esekla the Magician (level 4, -1/23 (24) HPs)
             Began as a Deep Elf Wanderer on Sept 21, 2023.
             Was an Initiate of Vehumet.
             Slain by an iguana (11 damage)
             ... on level 2 of the Dungeon.
             The game lasted 00:11:30 (1818 turns).

Esekla the Magician (Deep Elf Wanderer)             Turns: 1818, Time: 00:11:31

HP:   -1/23 (24)    AC:  4    Str: 11    XL:     4   Next: 4%
MP:   5/13          EV: 11    Int: 20    God:    Vehumet [......]
Gold: 157           SH:  3    Dex: 11    Spells: 7/14 levels left

rFire   . . .        a - +1 short sword (freeze)
rCold   . . .        d - +0 buckler
rNeg    . . .        c - +0 robe
rPois   .            k - +0 helmet
rElec   .            (no cloak)
rCorr   .            j - +0 pair of gloves
SInv    .            (no boots)
Will    .....        (no amulet)
Stlth   ++           (no ring)
HPRegen 0.23/turn    (no ring)
MPRegen 0.13/turn

%: no passive effects
@: very slightly contaminated, lightly drained
A: no striking features
a: Renounce Religion


You were on level 2 of the Dungeon.
You worshipped Vehumet.
Vehumet was noncommittal.
You visited 1 branch of the dungeon, and saw 4 of its levels.

You collected 157 gold pieces.

Inventory:

Hand Weapons
 a - a +1 short sword of freezing (weapon)
 r - a +0 spear
Missiles
 t - 6 poisoned darts (quivered)
Armour
 c - a +0 robe (worn)
 d - a +0 buckler (worn)
 j - a +0 pair of gloves (worn)
 k - a +0 helmet (worn)
Scrolls
 g - 3 scrolls of identify {unknown}
 m - 2 scrolls of enchant weapon {unknown}
 n - a scroll of amnesia {unknown}
 o - a scroll of enchant armour {unknown}
 q - a scroll of blinking {unknown}
 s - a scroll of fog {unknown}
Potions
 b - a potion of lignification
 e - a potion of ambrosia {unknown}
 f - 2 potions of attraction {unknown}
 h - a potion of heal wounds {unknown}
 i - 2 potions of curing {unknown}
 l - a potion of mutation {unknown}
 p - a potion of haste {unknown}
 u - 2 potions of brilliance {unknown}


   Skills:
 + Level 0.4 Short Blades
 * Level 0.8 Dodging
 + Level 1.3 Stealth
 + Level 1.5 Shields
 * Level 5.9 Spellcasting
 + Level 0.5 Conjurations
 * Level 1.5 Necromancy
 + Level 2.4 Translocations
 + Level 1.0 Invocations


You had 7 spell levels left.
You knew the following spells:

 Your Spells              Type           Power      Damage    Failure   Level
a - Magic Dart            Conj           28%        1d4       13%         1
b - Blink                 Tloc           30%        N/A       9%          2
d - Vampiric Draining     Necr           12%        2d6       24%         3
p - Apportation           Tloc           30%        N/A       5%          1

Your spell library contained the following spells:

 Spells                   Type           Power      Damage    Failure   Level
 Lesser Beckoning         Tloc           30%        N/A       9%          2
 Gell's Gravitas          Tloc           15%        N/A       17%         3
 Teleport Other           Tloc           15%        N/A       17%         3
 Ignite Poison            Fire/Tmut/Pois 5%         N/A       43%         3


Dungeon Overview and Level Annotations

Branches:
Dungeon (4/15)
 Temple: D:4-7

Altars:
Okawaru
Vehumet
Zin

Shops:
D:2 =   D:4 (


Message History

Apport: 6 poisoned darts Yoink!
You pull the items towards yourself.
t - 9 poisoned darts (gained 6)
Your magical contamination has completely faded away.
The iguana hisses angrily.
Throw: 9 darts (poison)
Press: ? - help, Q - select action, (/) - cycle Shift-Dir - straight line, f - iguana
Aim: an iguana (58% to hit)
You throw a poisoned dart. The poisoned dart hits the iguana.
Throw: 8 darts (poison)
Press: ? - help, Q - select action, (/) - cycle Shift-Dir - straight line, f/p - iguana
Aim: an iguana (58% to hit)
You throw a poisoned dart. The poisoned dart hits the iguana.
The iguana is poisoned.
Throw: 7 darts (poison)
Press: ? - help, Q - select action, (/) - cycle Shift-Dir - straight line, f/p - iguana
Aim: an iguana (lightly wounded, poisoned, 58% to hit)
You throw a poisoned dart.
The poisoned dart closely misses the iguana.
You hit the iguana but do no damage.
The iguana is lightly wounded.
The iguana bites you!
Casting: Apportation (safe; 5% risk of failure)
Confirm with . or Enter, or press ? or * to list all spells.
The spell is extremely dangerous to miscast (24% risk of failure)!
Continue anyway?
Aiming: Vampiric Draining (extremely dangerous; 24% risk of failure)
Press: ? - help, Shift-Dir - straight line, f/p - iguana
Aim: an iguana (moderately wounded, poisoned)
You miscast Vampiric Draining.
You are very lightly contaminated with residual magic.
Nothing appears to happen.
The iguana closely misses you.
Casting: Vampiric Draining (extremely dangerous; 24% risk of failure)
Confirm with . or Enter, or press ? or * to list all spells.
The spell is extremely dangerous to miscast (24% risk of failure)!
Continue anyway?
Aiming: Vampiric Draining (extremely dangerous; 24% risk of failure)
Press: ? - help, Shift-Dir - straight line, f/p - iguana
Aim: an iguana (moderately wounded, poisoned)
You miscast Vampiric Draining.
Flickering shadows surround you!
You feel drained. The iguana bites you!
You die...

####.#####.########.#.#
#....#8.8#.. .# #.# #
#.8###...###8.### #.# #
#..'..._...+..(.. #.# #
#.8###...###8(#.# #.# #
#....#8.8#..(...# #.# #
##...#####.....# #.####
##.......l.# #.##..
#......@..# #.##..
########### #.....
#.##.. #.##.. #.####
#..... ######


You could see an iguana (poisoned).

Vanquished Creatures
  A gnoll (D:1)
  2 adders (D:2)
  2 dart slugs
  3 orcs (D:3)
  3 ball pythons (D:1)
  4 endoplasms
  5 goblins
  3 hobgoblins
  A quokka (D:1)
  3 bats
  4 frilled lizards
  4 kobolds
  A rat (D:2)
36 creatures vanquished.

Notes
Turn   | Place    | Note
-------+----------+-------------------------------------------
     0 | D:1      | Esekla the Deep Elf Wanderer began the quest for the Orb.
     0 | D:1      | Esekla set off with the following items: a +0 club, a
                  | potion of lignification, a +0 robe, a +0 buckler; and the
                  | following spells available to memorise: Apportation, Blink,
                  | Lesser Beckoning, Magic Dart, Ignite Poison, Vampiric
                  | Draining.
     0 | D:1      | Reached XP level 1. HP: 10/10 MP: 7/7
     2 | D:1      | Learned a level 1 spell: Magic Dart
     4 | D:1      | Learned a level 1 spell: Apportation
   353 | D:4      | Found a radiant altar of Vehumet.
   357 | D:4      | Became a worshipper of Vehumet
   370 | D:4      | Found an iron altar of Okawaru.
   381 | D:4      | Found a glowing silver altar of Zin.
   479 | D:4      | Found Ponaysk's Antique Weapon Boutique.
   653 | D:3      | Reached XP level 2. HP: 11/15 MP: 9/9
   656 | D:3      | Reached skill level 5 in Spellcasting
   992 | D:2      | Reached XP level 3. HP: 19/19 MP: 8/12
   995 | D:2      | Learned a level 2 spell: Blink
   999 | D:2      | Learned a level 3 spell: Vampiric Draining
  1070 | D:2      | Noticed a black bear
  1229 | D:2      | Found Renulab's Jewellery Shop.
  1343 | D:2      | Reached skill level 1 in Necromancy
  1703 | D:1      | Reached XP level 4. HP: 21/24 MP: 13/13
  1787 | D:2      | Found a faded altar of an unknown god.
  1818 | D:2      | Slain by an iguana

Illustrated notes

Levels and vault maps discovered:
D:1:      sevenhm_arrival_forest_fort_small_3, layout_rooms,
          chequers_serial_rivers_room_b, minmay_misc_feat_five
D:2:      layout_loops_ring, dreamdust_ecumenical_altar_angels_and_demons,
          serial_shops, shop
D:3:      layout_basic, grunt_temple_overflow_open, minmay_misc_feat_iff
D:4:      layout_basic, nicolae_overflow_quartered_altars, serial_shops,
          nicolae_diamond_shop

Skill      XL: |  1  2  3 |
---------------+----------+-----
Spellcasting   | 5 |  5.9
Necromancy     | 1 |  1.5
Short Blades   | |  0.4
Dodging        | |  0.8
Stealth        | |  1.3
Shields        | |  1.5
Conjurations   | |  0.5
Translocations | |  2.4
Invocations    | |  1.0

Action                     |  1- 3 |  4- 6 || total
---------------------------+-------+-------++-------
  Melee: Short sword       |    70 |     2 ||    72
  Throw: Dart              |       |     3 ||     3
   Cast: Apportation       |    24 |     9 ||    33
         Magic Dart        |    54 |     2 ||    56
         Blink             |     1 |       ||     1
         Vampiric Draining |     1 |       ||     1
    Use: Scroll            |     1 |       ||     1
   Stab: Sleeping          |     1 |     1 ||     2
 Armour: Robe              |    38 |       ||    38
  Dodge: Dodged            |    69 |     1 ||    70
  Block: Buckler           |    23 |       ||    23
